 Dungeon Crawl Stone Soup version 0.27-a0-1500-g450c7e4133 (webtiles) character file.

Game seed: 8007609645323285978

39732 Wyvernaa the Thaumaturge (level 14, -4/81 HPs)
             Began as an Octopode Earth Elementalist on July 5, 2021.
             Was an Elder of Elyvilon.
             Shot with an arrow by Nessos (19 damage)
             ... on level 2 of the Orcish Mines on July 7, 2021.
             The game lasted 02:54:29 (35742 turns).

Wyvernaa the Thaumaturge (OpEE)                    Turns: 35742, Time: 02:54:29

Health: -4/81      AC:  1    Str: 13    XL:     14   Next: 7%
Magic:  28/31      EV: 20    Int: 28    God:    Elyvilon [****..]
Gold:   1204       SH:  6    Dex: 13    Spells: 11/40 levels left

rFire    . . .     SeeInvis +   I - +4 dagger
rCold    + . .     Faith    .   q - +1 buckler
rNeg     + + .     Spirit   .   (helmet restricted)
rPois    .         Reflect  .   g - amulet of magic regeneration
rElec    .         Harm     .   m - ring of see invisible
rCorr    .         Rampage  .   k - ring of wizardry
Will     +....                  o - ring of positive energy
Stlth    ++++++....             p - +4 ring of evasion
HPRegen  0.23/turn              e - ring of protection from cold
MPRegen  0.47/turn              c - +6 ring of intelligence
                                D - ring of positive energy
                                J - +6 ring of strength

@: lethally poisoned (-4 -> -37), about to teleport
A: almost no armour, amphibious, 8 rings, camouflage 1, gelatinous body 1,
(nimble swimmer 1), tentacles
a: Renounce Religion, Lesser Healing, Heal Other, Purification, Greater Healing,
Divine Protection


You were on level 2 of the Orcish Mines.
You worshipped Elyvilon.
Elyvilon was greatly pleased with you.
You visited 4 branches of the dungeon, and saw 17 of its levels.
You also visited: Bailey.

You collected 1264 gold pieces.
You spent 60 gold pieces at shops.

Inventory:

Hand Weapons
 a - a +0 short sword of venom
 d - a +1 dagger of venom
 H - a +2 dagger of distortion
 I - a +4 dagger (weapon)
Missiles
 b - 375 stones (quivered)
 u - 7 curare-tipped darts
Armour
 q - a +1 buckler (worn)
Jewellery
 c - a +6 ring of intelligence (on tentacle)
 e - a ring of protection from cold (on tentacle)
 f - a ring of fire
 g - an amulet of magic regeneration (around mantle)
 k - a ring of wizardry (right tentacle)
 l - a ring of ice
 m - a ring of see invisible (left tentacle)
 o - a ring of positive energy (on tentacle)
 p - a +4 ring of evasion (on tentacle)
 t - an amulet of guardian spirit
 y - a ring of fire
 D - a ring of positive energy (on tentacle)
 J - a +6 ring of strength (on tentacle)
Wands
 j - a wand of acid (11)
 v - a wand of flame (32)
 w - a wand of paralysis (17)
 A - a wand of charming (7)
Scrolls
 h - a scroll of amnesia
 s - a scroll of holy word
Potions
 i - a potion of attraction {unknown}
 r - 3 potions of flight
 x - a potion of mutation {unknown}
 z - a potion of degeneration {unknown}
 B - 3 potions of lignification
 C - a potion of magic
 E - a potion of berserk rage {unknown}


   Skills:
 + Level 2.1 Fighting
 * Level 4.2 Short Blades
 * Level 7.4 Dodging
 * Level 11.6 Stealth
 - Level 4.0 Shields
 - Level 2.3 Unarmed Combat
 * Level 13.8 Spellcasting
 - Level 0.7 Conjurations
 - Level 1.0 Transmutations
 - Level 0.5 Fire Magic
 - Level 0.4 Air Magic
 * Level 10.7 Earth Magic
 - Level 6.2 Poison Magic
 * Level 6.2 Invocations
 - Level 3.2 Evocations


You had 11 spell levels left.
You knew the following spells:

 Your Spells              Type           Power      Damage    Failure   Level
a - Iron Shot             Conj/Erth      25%        9d5       16%         6
b - Stone Arrow           Conj/Erth      100%       3d13      1%          3
d - Poisonous Vapours     Pois/Air       76%        N/A       1%          2
e - Ignite Poison         Fire/Tmut/Pois 34%        N/A       1%          3
f - Olgreb's Toxic Radia  Pois           53%        N/A       1%          4
g - Summon Ice Beast      Ice/Summ       19%        N/A       11%         4
h - Ice Form              Ice/Tmut       22%        N/A       9%          4
i - Lesser Beckoning      Tloc           9%         N/A       3%          3

Your spell library contained the following spells:

 Spells                   Type           Power      Damage    Failure   Level
 Animate Skeleton         Necr           38%        N/A       1%          1
 Apportation              Tloc           38%        N/A       1%          1
 Corona                   Hex            21%        N/A       1%          1
 Pain                     Necr           76%        1d7       1%          1
 Sandblast                Erth           100%       2d20      1%          1
 Sting                    Tmut/Pois      100%       1d8       1%          1
 Summon Small Mammal      Summ           76%        N/A       1%          1
 Passwall                 Tmut/Erth      42%        N/A       1%          2
 Petrify                  Tmut/Erth      51%        N/A       1%          4
 Conjure Flame            Conj/Fire      23%        6-21      2%          3
 Frozen Ramparts          Ice            38%        1d5       3%          3
 Gell's Gravitas          Tloc           9%         N/A       3%          3
 Teleport Other           Tloc           19%        N/A       3%          3
 Vampiric Draining        Necr           9%         2d7       3%          3
 Hailstorm                Conj/Ice       21%        3d6       9%          4
 Sticky Flame             Conj/Fire      23%        2d4       9%          4
 Iskenderun's Battlesphe  Conj           23%        2d8       22%         5
 Dispersal                Tloc           9%         N/A       82%         6
 Simulacrum               Ice/Necr       9%         N/A       82%         6
 Spellforged Servitor     Conj/Summ      10%        N/A       99%         7


Dungeon Overview and Level Annotations

Branches:
Dungeon (13/15)            Temple (1/1) D:5            Lair (1/6) D:8
    Orc (2/2) D:11            Elf (0/3) Orc:2        Bailey (visited)
 Vaults: D:13-14

Altars:
Ashenzari
Cheibriados
Dithmenos
Elyvilon
Fedhas
Gozag
Hepliaklqana
Kikubaaqudgha
Makhleb
Nemelex Xobeh
Okawaru
Qazlal
Ru
Sif Muna
Trog
Uskayaw
Vehumet
Wu Jian
Xom
Yredelemnul
Zin
The Shining One

Shops:
D:5 *   D:6 =   Orc:1 (   Orc:2 :!(*

Annotations:
D:10 3 runed translucent doors, pokeman's ghost, journeyman DEWz
D:11 2 transporters, Nausicaa's ghost, journeyman MiBe
Orc:2 Nessos


Innate Abilities, Weirdness & Mutations

You cannot wear most types of armour.
You are amphibious.
You can wear up to eight rings at the same time.
Your skin changes colour to match your surroundings (Stealth+).
Your rubbery body absorbs attacks. (AC +1, EV +1)
((You are camouflaged near water. (Stealth+)))
You have tentacles for arms and can constrict up to eight enemies at once.


Message History

t - Shout!
Orders for allies: a - Attack new target. r - Retreat! s - Stop attacking. g - Guard the area. f - Follow me.
Anything else - Cancel.
You shout for attention!
You hear a shout!
You hear a howl!
You hear a roar!
You hear a shout! x3
Nessos the Markscentaur comes into view.
Nessos wields a +3 longbow of flaming.
It bursts into flame!
Nessos shoots an arrow.
The arrow hits you!! The arrow burns you.
A warg comes into view.
Nessos shoots an arrow.
The arrow hits you!! The arrow burns you.
You are lethally poisoned!
* * * LOW HITPOINT WARNING * * *
You feel extremely sick.
Nessos shoots an arrow.
The arrow barely misses you.
Nessos says, "Even if you were a mare, I'd kill you!"
Nessos blinks!
Okay, then.
You are healed.
You feel extremely sick.
Nessos shoots an arrow.
The arrow hits you!!
* * * LOW HITPOINT WARNING * * *
The arrow burns you.
* * * LOW HITPOINT WARNING * * *
You are healed.
You feel very sick.
Nessos shoots an arrow.
The arrow closely misses you.
Nessos casts a spell.
Nessos seems to speed up.
As you read the scroll of teleportation, it crumbles to dust.
You feel strangely unstable.
You feel very sick.
Nessos shoots an arrow.
The arrow hits you!! Elyvilon protects you from harm! The arrow burns you!
You are lethally poisoned!
* * * LOW HITPOINT WARNING * * *
Nessos shoots an arrow.
The arrow hits you!!
You die...

###''### ##............##
###......####.........#####
.'.○..☼.'5 ##.##.....###
#......# ####.......#
###......######........###
#.'.°..☼.'.##.#...)......###
###......####........)..##.#
######''######......#.#()...#
.............@.......###......
......T.c...h..#..)..##..)....
T####.....#........).##......#
##.........##...........##
#.........#....)........#
#.........####...)...#....
##.....#.## #.......###..#
......... #.........####
.#......... #..........#


You could see Nessos (fast), a troll and a warg.

Vanquished Creatures
  An orc warlord (D:11)
  Snorg (D:10)
  Josephine (D:11)
  2 ogre magi (Orc:2)
  2 centaur warriors (D:13)
  10 two-headed ogres
  A skeletal warrior (D:13)
  2 deep trolls (Orc:2)
  3 orc knights
  3 ugly things
  4 cyclopes
  2 black mambas (D:8)
  A gargoyle (D:11)
  A cane toad (D:8)
  A kobold demonologist (D:11)
  Psyche (D:11)
  A komodo dragon (D:8)
  An unseen horror (D:11)
  15 trolls
  A hornet (D:7)
  8 slime creatures
  A vampire (D:10)
  A water elemental (D:11)
  9 wraiths
  24 yaks
  A steam dragon (D:7)
  4 wargs (Orc:2)
  An acid dragon (D:11)
  A water moccasin (D:8)
  2 ice beasts
  21 orc warriors
  A black bear (D:4)
  19 ogres (Orc:2)
  8 centaurs
  A phantom (D:5)
  A kobold brigand (D:8)
  Blork the orc (D:5)
  7 bullfrogs
  A wyvern zombie (D:7)
  2 gnoll sergeants
  4 scorpions
  A water moccasin zombie (D:5)
  11 killer bees
  10 wights
  6 howler monkeys
  A crimson imp (Orc:2)
  6 centaur zombies
  A centaur skeleton (D:6)
  4 jellies
  4 hounds
  9 orc priests
  A bullfrog skeleton (D:6)
  2 iguanas
  24 orc wizards
  A killer bee zombie (D:8)
  2 hound skeletons
  3 howler monkey zombies
  3 adders
  14 gnolls
  A howler monkey skeleton (D:6)
  3 shadow imps
  2 white imps
  An ufetubus (D:5)
  An adder skeleton (D:2)
  A worm (D:3)
  2 dart slugs (D:2)
  81 orcs
  3 endoplasms
  3 giant cockroaches (D:1)
  12 hobgoblins
  6 quokkas
  2 ball pythons (D:4)
  2 bats
  A frilled lizard (D:1)
  16 goblins
  16 kobolds
  2 rats
430 creatures vanquished.

Vanquished Creatures (collateral kills)
  A cane toad (D:8)
  A white imp (Orc:1)
  A goblin (D:3)
  A hobgoblin (D:3)
  A bat (D:3)
5 creatures vanquished.

Vanquished Creatures (others)
  An orc wizard (Orc:2)
  3 orcs (Orc:2)
  34 plants (D:8)
38 creatures vanquished.

Grand Total: 473 creatures vanquished

Notes
Turn   | Place    | Note
-------+----------+-------------------------------------------
     0 | D:1      | Wyvernaa the Octopode Earth Elementalist began the quest
                  | for the Orb.
     0 | D:1      | Reached XP level 1. HP: 11/11 MP: 3/3
   319 | D:1      | Reached XP level 2. HP: 17/17 MP: 3/5
  1431 | D:1      | Reached XP level 3. HP: 21/21 MP: 4/6
  1444 | D:1      | Learned a level 3 spell: Stone Arrow
  3015 | D:2      | Reached XP level 4. HP: 18/27 MP: 8/8
  3017 | D:2      | Learned a level 1 spell: Sting
  3937 | D:3      | Found a faded altar of an unknown god.
  4082 | D:3      | Found a burning altar of Makhleb.
  4097 | D:3      | Found a stormy altar of Qazlal.
  4656 | D:4      | Found a hazy altar of Hepliaklqana.
  4661 | D:4      | Noticed a black bear
  4910 | D:4      | Reached skill level 1 in Unarmed Combat
  4917 | D:4      | Reached skill level 3 in Spellcasting
  4917 | D:4      | Reached XP level 5. HP: 17/31 MP: 7/9
  5502 | D:4      | Found a bloodstained altar of Trog.
  5790 | D:4      | Identified the +8 chain mail of Pride {rElec}
  5814 | D:4      | Killed a black bear
  5815 | D:4      | Reached XP level 6. HP: 34/36 MP: 4/11
  5968 | D:5      | Entered Level 5 of the Dungeon
  6000 | D:5      | Learned a level 2 spell: Poisonous Vapours
  6175 | D:5      | Found Lame's General Store.
  6244 | D:5      | Reached skill level 4 in Spellcasting
  6292 | D:5      | Noticed Blork the orc
  6307 | D:5      | Killed Blork the orc
  6308 | D:5      | Reached skill level 5 in Earth Magic
  6308 | D:5      | Reached XP level 7. HP: 15/42 MP: 1/13
  6509 | D:5      | Bought a potion of heal wounds for 60 gold pieces
  6521 | D:5      | Found a shadowy altar of Dithmenos.
  7050 | D:5      | Found a staircase to the Ecumenical Temple.
  7060 | Temple   | Entered the Ecumenical Temple
  7174 | D:5      | Reached skill level 1 in Fighting
  7506 | D:5      | Reached skill level 5 in Spellcasting
  7755 | D:5      | Reached skill level 5 in Stealth
  7755 | D:5      | Reached XP level 8. HP: 48/48 MP: 8/15
  8640 | D:5      | Reached skill level 1 in Poison Magic
  8645 | D:5      | Learned a level 3 spell: Vampiric Draining
  8777 | D:5      | Found a bloodstained altar of Trog.
  8779 | D:5      | Found a shimmering altar of Xom.
  8779 | D:5      | Found a hide-covered altar of Uskayaw.
  8781 | D:5      | Found an ornate altar of the Wu Jian Council.
  8781 | D:5      | Found a shadowy altar of Dithmenos.
  8781 | D:5      | Found a shimmering altar of Xom.
  8958 | D:6      | Found an opulent altar of Gozag.
  9932 | D:6      | Reached skill level 6 in Spellcasting
 10457 | D:6      | Reached XP level 9. HP: 53/53 MP: 8/18
 11372 | D:6      | Found Duasyad's Jewellery Emporium.
 11848 | D:7      | Noticed a hornet
 11940 | D:7      | Found a radiant altar of Vehumet.
 12865 | D:7      | Found a white marble altar of Elyvilon.
 12884 | D:7      | Became a worshipper of Elyvilon the Healer
 13152 | D:7      | Found a glowing silver altar of Zin.
 13228 | D:7      | Reached skill level 7 in Spellcasting
 14313 | D:7      | Killed a hornet
 15103 | D:8      | Reached * piety under Elyvilon
 15477 | D:8      | Reached skill level 8 in Spellcasting
 15477 | D:8      | Reached XP level 10. HP: 45/58 MP: 7/22
 15690 | D:8      | Learned a level 3 spell: Ignite Poison
 16286 | D:7      | Reached skill level 1 in Invocations
 16761 | D:8      | Reached skill level 5 in Dodging
 17632 | D:8      | Found a staircase to the Lair.
 17968 | D:8      | Reached skill level 9 in Spellcasting
 18032 | Lair:1   | Entered Level 1 of the Lair of Beasts
 18034 | Lair:1   | Noticed a black mamba
 18132 | D:9      | Reached ** piety under Elyvilon
 18579 | D:9      | Noticed a two-headed ogre
 19626 | D:9      | Killed a two-headed ogre
 19627 | D:9      | Reached XP level 11. HP: 63/63 MP: 12/24
 19771 | D:9      | Learned a level 4 spell: Olgreb's Toxic Radiance
 20426 | D:10     | Entered Level 10 of the Dungeon
 20505 | D:10     | Found an iron altar of Okawaru.
 21057 | D:10     | Reached skill level 10 in Spellcasting
 21400 | D:10     | Found a runed translucent gate.
 21400 | D:10     | Found a runed translucent gate.
 21400 | D:10     | Found a runed translucent gate.
 21400 | D:10     | Noticed pokeman's ghost (journeyman DEWz)
 21442 | D:10     | Reached skill level 1 in Evocations
 21839 | D:10     | Reached *** piety under Elyvilon
 21982 | D:10     | Noticed Snorg
 21988 | D:10     | Killed Snorg
 22179 | D:10     | Found a basalt altar of Yredelemnul.
 22230 | D:11     | Found a transporter.
 22230 | D:11     | Identified the +3 great mace "Hosebeah" {pain, rPois Dex+3}
 22230 | D:11     | Identified the +7 dire flail "Orryc" {chaos, Int+3}
 22230 | D:11     | Noticed a two-headed ogre
 22230 | D:11     | Noticed Nausicaa's ghost (journeyman MiBe)
 22245 | D:11     | Noticed Josephine
 22338 | D:11     | Reached skill level 5 in Poison Magic
 22361 | D:11     | Found a flagged portal.
 22371 | Bailey   | Entered a bailey
 22611 | Bailey   | Noticed an orc knight
 22853 | Bailey   | Noticed an orc knight
 23451 | Bailey   | Killed an orc knight
 24441 | Bailey   | Killed an orc knight
 24702 | D:11     | Upgraded the game from 0.27-a0-1456-gf5a116941d to
                  | 0.27-a0-1500-g450c7e4133
 24743 | D:11     | Learned a level 4 spell: Summon Ice Beast
 24837 | D:11     | Reached skill level 10 in Stealth
 24941 | D:11     | Noticed a white ugly thing
 24987 | D:11     | Killed a white ugly thing
 24988 | D:11     | Reached XP level 12. HP: 63/70 MP: 7/26
 25417 | D:10     | Reached skill level 1 in Shields
 25417 | D:10     | Reached skill level 11 in Spellcasting
 25553 | D:11     | Noticed a two-headed ogre
 25657 | D:11     | Learned a level 4 spell: Ice Form
 25676 | D:11     | Noticed Psyche
 25680 | D:11     | Killed Psyche
 27469 | D:11     | Killed Josephine
 27791 | D:11     | Found a staircase to the Orcish Mines.
 27914 | D:11     | Found a transporter.
 28349 | D:12     | Learned a level 3 spell: Lesser Beckoning
 28481 | D:12     | Reached skill level 1 in Short Blades
 28796 | D:12     | Reached skill level 10 in Earth Magic
 28796 | D:12     | Reached skill level 5 in Invocations
 28810 | D:12     | Learned a level 6 spell: Iron Shot
 29262 | D:12     | Reached **** piety under Elyvilon
 29760 | D:13     | Noticed a centaur warrior
 29764 | D:13     | Killed a centaur warrior
 29836 | D:13     | Noticed a tengu warrior
 29836 | D:13     | Noticed a tengu warrior
 30254 | D:13     | Noticed a centaur warrior
 30258 | D:13     | Killed a centaur warrior
 30259 | D:13     | Reached skill level 12 in Spellcasting
 30259 | D:13     | Reached XP level 13. HP: 29/74 MP: 21/29
 31262 | Orc:1    | Entered Level 1 of the Orcish Mines
 31262 | Orc:1    | Found Ymorogg's Weapon Shoppe.
 31448 | Orc:1    | Noticed an orc warlord
 32967 | D:11     | Killed an orc warlord
 33697 | Orc:2    | Entered Level 2 of the Orcish Mines
 34110 | Orc:2    | Found a staircase to the Elven Halls.
 34678 | Orc:2    | Reached skill level 13 in Spellcasting
 35247 | Orc:2    | Found Ahay's Distillery.
 35248 | Orc:2    | Found Ohiz's Assorted Antiques.
 35311 | Orc:2    | Found Peisengi's Book Shoppe.
 35326 | Orc:2    | Found Riro's Antique Weapon Shop.
 35506 | Orc:2    | Reached XP level 14. HP: 81/81 MP: 19/31
 35737 | Orc:2    | Noticed Nessos
 35742 | Orc:2    | Elyvilon protects you from harm!
 35742 | Orc:2    | Shot with an arrow by Nessos

Illustrated notes

Levels and vault maps discovered:
D:1:      dpeg_arrival_prison, layout_basic, grunt_decor_junction
D:2:      layout_rooms
D:3:      layout_basic, amethyst_overflow_temple_binary,
          hellmonk_ecumenical_altar_pennies_from_heaven, grunt_ministairs_14
D:4:      layout_cave_pods, kennysheep_mini, trog_hazing_becter
D:5:      layout_loops_ring, doesnt_xom_only_xom, amcnicky_altar_gilded,
          temple_pool_b, serial_shops, nicolae_stop_n_shop_2, uniq_blork_the_orc
D:6:      layout_basic, old_standard_altar, serial_shops,
          nicolae_take_the_stairs
D:7:      layout_basic, nicolae_overflow_crystal_walls, old_standard_altar,
          elyvilon_altar_3, serial_curves, eino_curves_03, eino_curves_02,
          grunt_ministairs_6, minmay_puff
D:8:      layout_cave_pools, david_lair_shrubbed
D:9:      layout_cave_pools
D:10:     layout_roguey, general_overflow_altar,
          nicolae_yredelemnul_ghost_church, uniq_snorg
D:11:     layout_roguey, erik_orc_2, gammafunk_ghost_smash, enter_bailey_3,
          uniq_josephine, uniq_psyche
D:12:     layout_roguey
D:13:     kennysheep_spiral_hall, layout_loops_ring, kennysheep_generic_room_13
Temple:   eino_wide_crystal_templ
Lair:1:   layout_small_grid, chequers_serial_rivers_micro_d
Orc:1:    layout_caves, serial_shops, shop, portal_ice_cave_entry_imps,
          roderic_batcave, uniq_sonja
Orc:2:    st_orc_open, layout_diamond_mine, hangedman_minor_magic, uniq_nessos

Skill      XL: |  1  2  3  4  5  6  7  8  9 10 11 12 13 |
---------------+----------------------------------------+-----
Stealth        | 3 4 5 6 7 8 10 11 | 11.6
Unarmed Combat | 1 2 |  2.3
Earth Magic    | 4 5 6 8 9 10 | 10.7
Spellcasting   | 3 4 5 6 8 9 10 12 13 | 13.8
Fighting       | 1 2 |  2.1
Dodging        | 3 4 5 6 7 |  7.4
Poison Magic   | 1 2 3 5 6 |  6.2
Invocations    | 2 4 5 6 |  6.2
Evocations     | 2 3 |  3.2
Shields        | 3 4 |  4.0
Short Blades   | 2 4 |  4.2
Conjurations   | |  0.7
Transmutations | |  1.0
Fire Magic     | |  0.5
Air Magic      | |  0.4

Action                   |  1- 3 |  4- 6 |  7- 9 | 10-12 | 13-15 || total
-------------------------+-------+-------+-------+-------+-------++-------
Melee: Unarmed           |    63 |    60 |    25 |    39 |       ||   187
       Constrict         |    16 |    15 |     4 |     9 |     3 ||    47
       Tentacles         |    13 |    11 |     6 |     6 |       ||    36
       Punch             |       |     1 |       |       |     1 ||     2
       Dagger            |       |       |       |     6 |     5 ||    11
 Cast: Sandblast         |    25 |    29 |     9 |       |       ||    63
       Stone Arrow       |       |    12 |   117 |   131 |    28 ||   288
       Poisonous Vapours |       |     4 |    33 |   172 |   127 ||   336
       Ignite Poison     |       |       |       |    67 |    69 ||   136
       Olgreb's Toxic Ra |       |       |       |    58 |    45 ||   103
       Summon Ice Beast  |       |       |       |     3 |     3 ||     6
       Ice Form          |       |       |       |       |     3 ||     3
Invok: Greater Healing   |       |       |       |       |     4 ||     4
       Lesser Healing    |       |       |       |       |     1 ||     1
Evoke: Wand              |       |       |       |     2 |       ||     2
  Use: Scroll            |     4 |     8 |     5 |    14 |     3 ||    34
       Potion            |       |     4 |     4 |     4 |     3 ||    15
 Stab: Sleeping          |    10 |       |       |     1 |       ||    11
Armor: Skin              |     3 |     9 |     2 |     8 |     3 ||    25
Dodge: Dodged            |    32 |    55 |    85 |   149 |    59 ||   380
Block: Buckler           |       |       |       |    12 |    17 ||    29

Table legend: (Time is in decaauts)
 A = Elapsed time spent in this place.
 B = Non-inter-level travel time spent in this place.
 C = Inter-level travel time spent in this place.
 D = Time resting spent in this place.
 E = Time spent auto-exploring this place.
 F = Levels seen in this place.
 G = Mean time per level.
                   A        B        C        D        E       F      G
               +--------+--------+--------+--------+--------+-----+--------+
         Total |  35800 |  34527 |   1273 |  19789 |   5894 |  18 | 1988.9 |
       Dungeon |  31232 |  29959 |   1273 |  16998 |   5581 |  13 | 2402.5 |
        Temple |     68 |     68 |      0 |      0 |      0 |   1 |   68.0 |
          Lair |     14 |     14 |      0 |      0 |      0 |   1 |   14.0 |
  Orcish Mines |   2171 |   2171 |      0 |    991 |    253 |   2 | 1085.5 |
        Bailey |   2312 |   2312 |      0 |   1800 |     60 |   1 | 2312.0 |
               +--------+--------+--------+--------+--------+-----+--------+

Top non-repeatable levels by time:
     D:7: 4570 daAuts
    D:11: 3990 daAuts
     D:6: 3871 daAuts
     D:8: 3159 daAuts
     D:5: 2933 daAuts
  Bailey: 2312 daAuts
    D:10: 2237 daAuts
   Orc:2: 1971 daAuts
     D:2: 1891 daAuts
     D:9: 1663 daAuts
    D:12: 1598 daAuts
     D:3: 1584 daAuts
     D:1: 1496 daAuts
    D:13: 1148 daAuts
     D:4: 1087 daAuts
